 Dungeon Crawl Stone Soup version 0.19.5 (webtiles) character file.

140 laukin the Skirmisher (level 5, 0/47 HPs)
             Began as a Hill Orc Fighter on May 2, 2017.
             Killed by divine providence
             ... invoked by an orc priest
              (11 damage)
             ... on level 3 of the Dungeon.
             The game lasted 00:10:43 (2146 turns).

laukin the Skirmisher (Hill Orc Fighter)            Turns: 2146, Time: 00:10:44

Health: 0/47       AC: 12    Str: 20    XL:     5   Next: 23%
Magic:  5/5        EV:  5    Int:  8    God:
Gold:   93         SH:  9    Dex: 10    Spells: 0 memorised, 4 levels left

rFire  . . .     SeeInvis .     a - +1 war axe
rCold  . . .     Gourm    .     j - +0 chain mail
rNeg   . . .     Faith    .     c - +0 shield
rPois  .         Spirit   .     l - +1 hat
rElec  .         Reflect  .     (no cloak)
rCorr  .         Harm     .     (no gloves)
MR     .....                    (no boots)
Stlth  ..........               (no amulet)
                                g - ring of loudness (curse)
                                h - +2 ring of protection

@: no status effects
A: wild magic 1
a: Convert to Beogh


You were on level 3 of the Dungeon.
You were not hungry.

You visited 1 branch of the dungeon, and saw 3 of its levels.

You collected 93 gold pieces.

Inventory:

Hand Weapons
 a - a +1 war axe (weapon)
Armour
 c - a +0 shield (worn)
 j - a +0 chain mail (worn)
 l - a +1 hat (worn)
Jewellery
 e - an uncursed ring of magical power
 g - a cursed ring of loudness (right hand)
 h - a +2 ring of protection (left hand)
Wands
 m - a wand of paralysis (0/24)
Scrolls
 i - a scroll of fear {unknown}
Potions
 d - a potion of might
 k - a potion of mutation {unknown}
Comestibles
 b - 2 slices of pizza
 f - a bread ration


   Skills:
 + Level 4.7 Fighting
 + Level 4.0 Axes
 + Level 4.3 Armour
 + Level 4.1 Shields


You had 4 spell levels left.
You didn't know any spells.

Dungeon Overview and Level Annotations

Branches:
Dungeon (3/15)

Altars:
Cheibriados
Elyvilon
Makhleb


Innate Abilities, Weirdness & Mutations

Your spells are a little harder to cast, but a little more powerful.


Message History

Beogh smites you! The worm barely misses you.
You hear a shout!
A giant cockroach comes into view.
You slash the dart slug!
You kill the dart slug!
You hit the orc priest. You slash the worm! You hit the orc priest.
The orc priest calls down the wrath of Beogh upon you.
Beogh smites you! You block the orc priest's attack. The orc priest hits you.
The worm bites you.
* * * LOW HITPOINT WARNING * * *
You slash the orc!
You kill the orc!
You hit the orc priest. You hit the worm.
You kill the worm!
Your shield and chain mail prevent you from hitting the orc priest.
The orc priest hits you but does no damage.
The kobold throws a stone.
You block the stone.
The orc priest invokes the aid of Beogh against you.
Beogh smites you!
You die...

#.# #.#.#........
#.####.#.#..##..##
.................+
#.####.#.†.##.#.## #.#
#.#...<<.....
#.####.#....###.###
.......#..........#
#.########.####.#o#.####
..............†.@)Ks....
.#####.###.###>.#o#.#.##
.'................#
.#####.###.#.#..#.# .#
........... .#
#.#.######.. .# #. .....
... .# #.####.# ## .# ##
#.#..# .#


You could see 2 orc priests, a giant cockroach and a kobold.

Vanquished Creatures
  A hound (D:2)
  Ijyb (D:3)
  2 adders
  2 worms
  2 dart slugs
  A leopard gecko (D:3)
  7 orcs (D:3)
  4 giant cockroaches
  9 goblins
  6 hobgoblins
  2 bats
  4 frilled lizards
  6 kobolds
  3 rats
50 creatures vanquished.

Notes
Turn   | Place    | Note
-------+----------+-------------------------------------------
     0 | D:1      | laukin the Hill Orc Fighter began the quest for the Orb.
     0 | D:1      | Reached XP level 1. HP: 19/19 MP: 1/1
   532 | D:1      | Reached XP level 2. HP: 27/27 MP: 2/2
  1108 | D:1      | Gained mutation: Your spells are a little harder to cast, but a little more powerful. [potion of beneficial mutation]
  1115 | D:2      | Found a snail-covered altar of Cheibriados.
  1192 | D:2      | Reached XP level 3. HP: 19/33 MP: 3/3
  1592 | D:2      | Found a burning altar of Makhleb.
  1607 | D:2      | Reached XP level 4. HP: 37/41 MP: 4/4
  1902 | D:3      | Found a white marble altar of Elyvilon.
  2008 | D:3      | Noticed Ijyb
  2011 | D:3      | Paralysed by Ijyb for 7 turns
  2020 | D:3      | Paralysed by Ijyb for 7 turns
  2032 | D:3      | Paralysed by Ijyb for 6 turns
  2041 | D:3      | Paralysed by Ijyb for 2 turns
  2047 | D:3      | Paralysed by Ijyb for 4 turns
  2057 | D:3      | Killed Ijyb
  2091 | D:3      | Reached XP level 5. HP: 47/47 MP: 5/5
  2146 | D:3      | Killed from afar by an orc priest

Skill      XL: |  1  2  3  4  5 |
---------------+----------------+-----
Axes           | 3 4 |  4.0
Fighting       | 4 |  4.7
Armour         | 4 |  4.3
Shields        | 4 |  4.1

Action                   |  1- 3 |  4- 6 || total
-------------------------+-------+-------++-------
Melee: War axe           |    95 |    86 ||   181
  Use: Scroll            |     4 |       ||     4
       Potion            |     1 |       ||     1
  Eat: Bread ration      |     1 |       ||     1
Armor: Scale mail        |     6 |       ||     6
       Chain mail        |    53 |    54 ||   107
Dodge: Dodged            |    22 |    16 ||    38
Block: Shield            |    68 |    38 ||   106
